 Dungeon Crawl Stone Soup version 0.29.1-13-g9f3cf754e1 (webtiles) character file.

Game seed: 13850713025751685956

554 Vulpanium the Chiller (level 7, -5/37 HPs)
             Began as a Tengu Ice Elementalist on Jan 21, 2023.
             Slain by Duvessa
             ... wielding a +0 rapier
              (18 damage)
             ... on level 4 of the Dungeon.
             The game lasted 00:21:36 (4120 turns).

Vulpanium the Chiller (Tengu Ice Elementalist)      Turns: 4120, Time: 00:21:40

Health: -5/37      AC:  7    Str:  8    XL:     7   Next: 30%
Magic:  15/24      EV: 12    Int: 18    God:
Gold:   154        SH:  0    Dex: 14    Spells: 15/16 levels left

rFire   . . .      SeeInvis .   (no weapon)
rCold   . . .      Faith    .   (no shield)
rNeg    . . .      Spirit   .   h - +0 ring mail
rPois   .          Reflect  .   m - +2 hat
rElec   .          Harm     .   v - scarf {repulsion}
rCorr   .          Rampage  .   (no gloves)
Will    .....                   (boots unavailable)
Stlth   +.........              n - amulet of regeneration
HPRegen 0.92/turn               r - ring of magical power
MPRegen 0.19/turn               (no ring)

@: flying quickly and evasively, repel missiles, quick
A: beak, talons 3, nimble flight
a: no special abilities


You were on level 4 of the Dungeon.
You visited 1 branch of the dungeon, and saw 4 of its levels.

You collected 154 gold pieces.

Inventory:

Missiles
 k - 6 boomerangs
Armour
 a - a +0 robe
 h - a +0 ring mail (worn)
 i - a +0 cloak
 m - a +2 hat (worn)
 t - a +2 helmet
 v - a scarf of repulsion (worn)
Jewellery
 n - an amulet of regeneration (around neck)
 o - an amulet of faith
 r - a ring of magical power (left hand)
 x - a +6 ring of dexterity
Wands
 s - a wand of digging (6)
Scrolls
 c - a scroll of amnesia {unknown}
 d - a scroll of fear {unknown}
 f - 2 scrolls of identify
 g - 2 scrolls of teleportation {unknown}
 j - 2 scrolls of enchant armour
 l - a scroll of noise {unknown}
 p - a scroll of butterflies {unknown}
 u - 2 scrolls of immolation
Potions
 b - a potion of magic
 e - a potion of cancellation {unknown}
 q - a potion of lignification {unknown}
 w - a potion of curing {unknown}


   Skills:
 + Level 0.4 Fighting
 + Level 2.2 Armour
 + Level 2.5 Dodging
 + Level 2.3 Stealth
 + Level 0.5 Unarmed Combat
 + Level 5.0 Spellcasting
 + Level 5.5 Ice Magic


You had 15 spell levels left.
You knew the following spells:

 Your Spells              Type           Power      Damage    Failure   Level
a - Freeze                Ice            96%        1d11      4%          1

Your spell library contained the following spells:

 Spells                   Type           Power      Damage    Failure   Level
 Frozen Ramparts          Ice            48%        1d8       12%         3
 Ozocubu's Armour         Ice            24%        N/A       12%         3
 Hailstorm                Conj/Ice       14%        3d5       77%         4


Dungeon Overview and Level Annotations

Branches:
Dungeon (4/15)
 Temple: D:4-7

Altars:
Fedhas
The Shining One

Shops:
D:1 ?

Annotations:
D:4 Duvessa


Innate Abilities, Weirdness & Mutations

You have a beak for a mouth.
You have claws for feet.
Your magical nature lets you fly swiftly and evasively.


Message History

Press: ? - help, Shift-Dir - straight line, f/p - Duvessa
Aim: Duvessa, wielding a +0 rapier and wearing a +0 scale mail (heavily wounded, berserk)
You freeze Duvessa.
Duvessa is heavily wounded.
Duvessa hits you with a +0 rapier. x2
Casting: Freeze (safe; 4% risk of failure)
Confirm with . or Enter, or press ? or * to list all spells.
Aiming: Freeze (safe; 4% risk of failure)
Press: ? - help, Shift-Dir - straight line, f/p - Duvessa
Aim: Duvessa, wielding a +0 rapier and wearing a +0 scale mail (heavily wounded, berserk)
You freeze Duvessa.
Duvessa is heavily wounded.
Duvessa hits you with a +0 rapier!
Casting: Freeze (safe; 4% risk of failure)
Confirm with . or Enter, or press ? or * to list all spells.
Aiming: Freeze (safe; 4% risk of failure)
Press: ? - help, Shift-Dir - straight line, f/p - Duvessa
Aim: Duvessa, wielding a +0 rapier and wearing a +0 scale mail (heavily wounded, berserk)
You freeze Duvessa.
Duvessa is heavily wounded.
Duvessa hits you with a +0 rapier.
* * * LOW HITPOINT WARNING * * *
Duvessa misses you.
Casting: Freeze (safe; 4% risk of failure)
Confirm with . or Enter, or press ? or * to list all spells.
Aiming: Freeze (safe; 4% risk of failure)
Press: ? - help, Shift-Dir - straight line, f/p - Duvessa
Aim: Duvessa, wielding a +0 rapier and wearing a +0 scale mail (heavily wounded, berserk)
You freeze Duvessa.
Duvessa is severely wounded.
Duvessa hits you but does no damage.
Casting: Freeze (safe; 4% risk of failure)
Confirm with . or Enter, or press ? or * to list all spells.
Aiming: Freeze (safe; 4% risk of failure)
Press: ? - help, Shift-Dir - straight line, f/p - Duvessa
Aim: Duvessa, wielding a +0 rapier and wearing a +0 scale mail (severely wounded, berserk)
You freeze Duvessa.
Duvessa is severely wounded.
Duvessa hits you with a +0 rapier!!
You die...

### #.. #.# #?#
#.# #.# #.#.#.
#e#.#.#.#.
#@#....>.. ###
#.##..#...##.#####
#.##......#..))..#
#.##....#.##)###.#
#.##.....^.#.# #.#
#.# #..#....# #.#
#.# #..##...# #)#
#[# .#..##...# #.#
#.##.#..##)..# #.#


You could see Duvessa (berserk).

Vanquished Creatures
  An ogre (D:4)
  3 scorpions (D:4)
  Dowan (D:4)
  2 orc priests
  Natasha (D:4)
  An orc wizard (D:3)
  5 adders
  A worm (D:2)
  A dart slug (D:2)
  14 orcs
  9 bats
  8 endoplasms
  3 giant cockroaches
  5 hobgoblins
  2 jackals (D:3)
  2 kobolds
  5 quokkas
  5 ball pythons
  4 frilled lizards
  3 goblins
  3 rats
79 creatures vanquished.

Vanquished Creatures (others)
  7 fungi (D:4)
  A plant (D:3)
8 creatures vanquished.

Grand Total: 87 creatures vanquished

Notes
Turn   | Place    | Note
-------+----------+-------------------------------------------
     0 | D:1      | Vulpanium the Tengu Ice Elementalist began the quest for
                  | the Orb.
     0 | D:1      | Reached XP level 1. HP: 10/10 MP: 4/4
   124 | D:1      | Found Righih's Magic Scroll Emporium.
   479 | D:1      | Reached XP level 2. HP: 15/15 MP: 3/6
  1654 | D:2      | Reached XP level 3. HP: 19/19 MP: 4/7
  2430 | D:3      | Reached XP level 4. HP: 24/24 MP: 7/9
  2438 | D:3      | Found a blossoming altar of Fedhas.
  2555 | D:3      | Found a faded altar of an unknown god.
  3191 | D:3      | Reached skill level 1 in Armour
  3222 | D:3      | Gained mutation: Your magical nature lets you fly swiftly
                  | and evasively. [Tengu growth]
  3222 | D:3      | Reached XP level 5. HP: 23/28 MP: 10/10
  3488 | D:4      | Found a glowing golden altar of the Shining One.
  3625 | D:4      | Reached XP level 6. HP: 26/32 MP: 12/12
  3676 | D:4      | Reached skill level 5 in Ice Magic
  3892 | D:4      | Noticed Natasha
  3918 | D:4      | Reached XP level 7. HP: 8/37 MP: 15/15
  4073 | D:4      | Killed Natasha
  4105 | D:4      | Noticed Dowan
  4107 | D:4      | Noticed Duvessa
  4112 | D:4      | Killed Dowan
  4113 | D:4      | Reached skill level 5 in Spellcasting
  4120 | D:4      | Slain by Duvessa

Illustrated notes

Levels and vault maps discovered:
D:1:      dpeg_arrival_circle_labyrinth_a, layout_basic, serial_shops, shop
D:2:      layout_rooms
D:3:      layout_basic, mainiacjoe_overflow_alcove_4,
          chequers_ecumenical_altar_simple, item_on_display_a
D:4:      old_forge, layout_basic, nzn_wu_jian_council_hall, tso_metal_star,
          uniq_duvessa, uniq_natasha

Skill      XL: |  1  2  3  4  5  6  7 |
---------------+----------------------+-----
Ice Magic      | 4 5 |  5.5
Spellcasting   | 3 4 5 |  5.0
Armour         | 1 2 |  2.2
Fighting       | |  0.4
Dodging        | |  2.5
Stealth        | |  2.3
Unarmed Combat | |  0.5

Action                   |  1- 3 |  4- 6 |  7- 9 || total
-------------------------+-------+-------+-------++-------
Melee: Unarmed           |    24 |    66 |       ||    90
       Kick              |    11 |    14 |       ||    25
       Peck              |     4 |     9 |       ||    13
 Cast: Freeze            |    41 |    57 |    23 ||   121
  Use: Scroll            |       |     2 |       ||     2
 Stab: Sleeping          |     4 |     3 |       ||     7
Armor: Robe              |     2 |       |       ||     2
       Ring mail         |    18 |    61 |     3 ||    82
Dodge: Dodged            |    30 |    43 |     9 ||    82
       Repelled          |       |       |     1 ||     1
